 Dungeon Crawl Stone Soup version 0.29-a0-643-ga013cefcf8 (webtiles) character file.

Game seed: 72122661454038760

111 wilfster70 the Shield-Bearer (level 4, 0/39 HPs)
             Began as a Hill Orc Fighter on June 19, 2022.
             Slain by an adder (2 damage)
             ... on level 4 of the Dungeon.
             The game lasted 00:05:15 (3160 turns).

wilfster70 the Shield-Bearer (Hill Orc Fighter)     Turns: 3160, Time: 00:05:15

Health: 0/39       AC:  6    Str: 20    XL:     4   Next: 92%
Magic:  4/4        EV:  9    Int:  8    God:
Gold:   140        SH:  5    Dex: 10    Spells: 3/3 levels left

rFire   . . .      SeeInvis .   a - +0 war axe
rCold   . . .      Faith    .   c - +0 buckler
rNeg    . . .      Spirit   .   g - +0 scale mail
rPois   .          Reflect  .   (no helmet)
rElec   .          Harm     .   (no cloak)
rCorr   .          Rampage  .   (no gloves)
Will    .....                   (no boots)
Stlth   ..........              (no amulet)
HPRegen 0.13/turn               (no ring)
MPRegen 0.09/turn               (no ring)

@: lethally poisoned (0 -> -7)
A: no striking features
a: no special abilities


You were on level 4 of the Dungeon.
You visited 1 branch of the dungeon, and saw 4 of its levels.

You collected 140 gold pieces.

Inventory:

Hand Weapons
 a - a +0 war axe (weapon)
 b - a +0 hunting sling
Missiles
 l - 12 poisoned darts
Armour
 c - a +0 buckler (worn)
 g - a +0 scale mail (worn)
Scrolls
 e - a scroll of fog
 i - 4 scrolls of teleportation
 r - 3 scrolls of identify
Potions
 d - a potion of might
 f - a potion of cancellation
 h - a potion of heal wounds
 j - a potion of curing
 k - a potion of flight


   Skills:
 - Level 3.6 Fighting
 + Level 2.8 Axes
 - Level 3.2 Armour
 - Level 6.0 Shields


You had 3 spell levels left.
You didn't know any spells.
Your spell library was empty.

Dungeon Overview and Level Annotations

Branches:
Dungeon (4/15)
 Temple: D:4-7

Altars:
Kikubaaqudgha

Shops:
D:3 :


Message History

The ufetubus hits you but does no damage.
The adder bites you but does no damage.
The ufetubus hits you but does no damage.
The ufetubus hits you.
You hit the adder but do no damage.
The adder is heavily wounded.
You closely miss the ufetubus. The adder bites you. The ufetubus hits you.
The ufetubus hits you but does no damage.
A ball python comes into view.
You block the adder's attack. The ufetubus hits you. x2
You are too injured to fight recklessly!
You barely miss the ufetubus. You barely miss the adder.
The ball python hisses angrily.
The ufetubus hits you. x2
* * * LOW HITPOINT WARNING * * *
The adder barely misses you. The ufetubus hits you.
* * * LOW HITPOINT WARNING * * *
The ufetubus misses you. The adder bites you.
* * * LOW HITPOINT WARNING * * *
You are poisoned.
The adder poisons you!
A quokka comes into view.
You closely miss the ufetubus. You closely miss the adder.
You feel sick.
The ufetubus hits you but does no damage. x2
The adder bites you but does no damage. The ufetubus closely misses you.
The ufetubus hits you but does no damage.
The adder bites you.
* * * LOW HITPOINT WARNING * * *
You are lethally poisoned!
The adder poisons you!
You hit the ufetubus.
The ufetubus is lightly wounded.
You closely miss the adder.
* * * LOW HITPOINT WARNING * * *
You feel very sick. The ufetubus closely misses you.
The ufetubus hits you but does no damage.
You block the ufetubus's attack. The ufetubus closely misses you.
The adder bites you.
You die...

#.# #.#
######.##
.......
####.##.#
#?@...#.#
#S5.....#####
#....#...).....#
#..###S.######.#
#..........# #.#
##......r..# #.#
#.######..# #<#
#. ...# ### .
....


You could see an adder, an ufetubus, a quokka and a ball python.

Vanquished Creatures
  6 adders
  6 orcs
  4 endoplasms
  A giant cockroach (D:3)
  6 goblins
  5 hobgoblins
  4 quokkas
  4 ball pythons
  7 bats
  2 frilled lizards
  2 kobolds (D:3)
  3 rats
50 creatures vanquished.

Notes
Turn   | Place    | Note
-------+----------+-------------------------------------------
     0 | D:1      | wilfster70 the Hill Orc Fighter began the quest for the
                  | Orb.
     0 | D:1      | Reached XP level 1. HP: 19/19 MP: 1/1
   582 | D:1      | Reached XP level 2. HP: 26/26 MP: 2/2
   629 | D:1      | Reached skill level 4 in Shields
   793 | D:1      | Found a faded altar of an unknown god.
  1274 | D:2      | Reached XP level 3. HP: 15/31 MP: 3/3
  1663 | D:2      | Found an ancient bone altar of Kikubaaqudgha.
  1827 | D:3      | Reached skill level 5 in Shields
  2033 | D:3      | Reached XP level 4. HP: 39/39 MP: 4/4
  2768 | D:3      | Found Jyar's Book Emporium.
  3140 | D:4      | Reached skill level 6 in Shields
  3160 | D:4      | Slain by an adder

Illustrated notes

Levels and vault maps discovered:
D:1:      scummos_arrival_hexagon, layout_basic,
          dreamdust_ecumenical_altar_hidden_monk_grotto
D:2:      layout_rooms, basic_altar
D:3:      layout_basic, serial_shops, nicolae_diamond_shop
D:4:      layout_basic

Skill      XL: |  1  2  3  4 |
---------------+-------------+-----
Shields        | 4 5 6 |  6.0
Fighting       | |  3.6
Axes           | |  2.8
Armour         | |  3.2

Action                   |  1- 3 |  4- 6 || total
-------------------------+-------+-------++-------
Melee: War axe           |    89 |    80 ||   169
 Fire: Hunting sling     |    12 |       ||    12
  Use: Scroll            |     4 |     6 ||    10
Armor: Scale mail        |    53 |    68 ||   121
Dodge: Dodged            |    51 |    53 ||   104
Block: Buckler           |    27 |    32 ||    59

Table legend: (Time is in decaauts)
 A = Elapsed time spent in this place.
 B = Non-inter-level travel time spent in this place.
 C = Inter-level travel time spent in this place.
 D = Time resting spent in this place.
 E = Time spent auto-exploring this place.
 F = Levels seen in this place.
 G = Mean time per level.
                   A        B        C        D        E       F      G
               +--------+--------+--------+--------+--------+-----+--------+
         Total |   3234 |   3101 |    133 |    660 |   1641 |   4 |  808.5 |
       Dungeon |   3234 |   3101 |    133 |    660 |   1641 |   4 |  808.5 |
               +--------+--------+--------+--------+--------+-----+--------+

Top non-repeatable levels by time:
     D:3: 1349 daAuts
     D:1: 1243 daAuts
     D:2: 589 daAuts
     D:4: 52 daAuts
